AoeStats
← [KMNB] Bandeira

Lombardia

507829612Analyzed
4v4 RM · 14d ago on Sep 19, 2026· 63m 13s· 8 players
Game mode
Random Map
Map size
Large (8 player)
Population
200
Speed
Normal
Resources
Standard
Victory
Conquest
Starting age
Dark Age
Ending age
Imperial Age
RankedLock teamsTeams togetherTeam positionsShared explorationLock speedFull tech treeHidden civsTurbo modeCheats
Victory
Defeat
🇧🇷 Ethiopians · Brazil
1618
+10
🇧🇷 Magyars · Brazil
1528
+14
🇧🇷 Saracens · Brazil
1485
+15
🇧🇷 Hindustanis · Brazil
1452
+17
🇷🇺 Jurchens · Russia
1499
-15
🇷🇺 Tatars · Russia
1484
-14
🇺🇸 Slavs · United States
1475
-14
🇩🇪 Italians · Germany
1451
-13
mikeymazko
11:06 Feudal Age
9:23 Loom
11:09 Feudal Age
13:28 Double-Bit Axe
17:11 Castle Age
18:17 Bow Saw
18:30 Horse Collar
22:08 Wheelbarrow
22:16 Wheelbarrow
22:08 Heavy Plow
25:36 Gold Mining
26:51 Hand Cart
29:18 Gold Shaft Mining
30:23 Scale Barding Armor
30:29 Forging
33:04 Imperial Age
30:21 Town Watch
31:51 Chain Barding Armor
31:37 Detinets
32:01 Stone Mining
33:26 Iron Casting
33:10 Elite Boyar
34:10 Conscription
34:28 Plate Barding Armor
34:26 Crop Rotation
35:38 Blast Furnace
35:52 Two-Man Saw
35:20 Bloodlines
35:10 Husbandry
34:43 Onager
35:29 Siege Engineers
41:51 Chemistry
44:08 Caravan
44:42 Fletching
45:41 Hoardings
48:53 Bodkin Arrow
49:12 Masonry
49:23 Ballistics
50:53 Pikeman
51:34 Squires
51:46 Druzhina
52:05 Halberdier
52:49 Scale Mail Armor
54:38 Chain Mail Armor
55:53 Plate Mail Armor
58:36 Fortified Wall
MegaNoob
8:57 Feudal Age
7:31 Loom
9:27 Double-Bit Axe
10:22 Horse Collar
16:24 Bloodlines
18:42 Castle Age
17:35 Bloodlines
18:44 Wheelbarrow
18:55 Scale Barding Armor
18:48 Light Cavalry
21:40 Bow Saw
22:24 Husbandry
23:11 Chain Barding Armor
23:45 Heavy Plow
27:54 Hand Cart
28:15 Forging
31:01 Stone Mining
31:02 Gold Mining
35:18 Town Watch
35:45 Fletching
40:19 Imperial Age
38:32 Gold Shaft Mining
40:47 Iron Casting
40:19 Elite Steppe Lancer
41:40 Plate Barding Armor
42:51 Blast Furnace
42:48 Coinage
42:59 Scale Mail Armor
43:59 Banking
43:34 Caravan
43:34 Elite Fire Lancer
44:01 Arson
44:16 Squires
46:17 Chain Mail Armor
45:46 Pikeman
46:41 Halberdier
48:09 Conscription
48:26 Bodkin Arrow
48:37 Heavy Rocket Cart
50:40 Two-Man Saw
50:41 Siege Engineers
50:16 Treadmill Crane
50:47 Masonry
51:44 Chemistry
51:04 Ballistics
50:54 Masonry
53:25 Hoardings
53:01 Thunderclap Bombs
55:49 Architecture
57:04 Bracer
57:26 Ballistics
59:09 Guilds
60:16 Capped Ram
timby1101
7:43 Loom
10:29 Feudal Age
15:52 Castle Age
14:33 Double-Bit Axe
15:22 Fletching
21:21 Bow Saw
20:52 Horse Collar
21:00 Horse Collar
26:17 Bodkin Arrow
28:33 Husbandry
30:11 Padded Archer Armor
30:24 Bloodlines
33:06 Wheelbarrow
34:07 Town Watch
35:36 Hand Cart
42:07 Fortified Wall
42:07 Masonry
43:02 Gold Mining
47:37 Imperial Age
47:09 Caravan
50:29 Chemistry
49:38 Bracer
51:16 Gold Shaft Mining
50:12 Heavy Cavalry Archer
50:57 Murder Holes
51:26 Leather Archer Armor
51:49 Ballistics
52:01 Silk Armor
53:24 Ring Archer Armor
56:21 Heavy Plow
57:38 Scale Barding Armor
57:44 Forging
58:51 Chain Barding Armor
60:27 Conscription
60:19 Timurid Siegecraft
61:01 Chain Barding Armor
61:17 Iron Casting
63:33 Plate Barding Armor
63:59 Blast Furnace
eraycoskun33
7:40 Loom
10:56 Feudal Age
11:44 Double-Bit Axe
14:28 Castle Age
13:37 Horse Collar
15:54 Bow Saw
16:37 Fletching
20:55 Bodkin Arrow
23:52 Padded Archer Armor
26:28 Ballistics
32:04 Gold Mining
32:04 Stone Mining
33:00 Wheelbarrow
32:10 Town Watch
36:17 Imperial Age
34:22 Wheelbarrow
34:31 Silk Road
34:56 Leather Archer Armor
34:51 Forging
34:58 Caravan
36:03 Hand Cart
36:45 Thumb Ring
38:08 Chemistry
37:12 Bracer
37:00 Crossbowman
38:15 Ring Archer Armor
40:19 Pirotechnia
41:01 Bombard Tower
44:22 Conscription
44:29 Elite Skirmisher
50:36 Coinage
51:14 Guilds
51:22 Masonry
51:07 Murder Holes
53:23 Crossbowman
58:48 Arbalester
[KMNB] Dedão
6:20 Loom
9:23 Feudal Age
9:57 Double-Bit Axe
12:07 Horse Collar
13:42 Forging
14:52 Scale Barding Armor
15:47 Bloodlines
17:04 Wheelbarrow
21:22 Castle Age
19:43 Gold Mining
22:46 Bow Saw
23:06 Chain Barding Armor
22:52 Husbandry
27:55 Iron Casting
29:30 Hand Cart
29:53 Heavy Plow
30:21 Town Watch
37:01 Imperial Age
37:05 Gold Shaft Mining
36:42 Stone Mining
36:50 Fletching
37:09 Heavy Camel Rider
38:29 Plate Barding Armor
38:55 Blast Furnace
39:41 Two-Man Saw
39:04 Imperial Camel Rider
40:22 Coinage
39:53 Caravan
40:18 Town Patrol
40:27 Bodkin Arrow
41:00 Ballistics
43:24 Conscription
43:11 Grand Trunk Road
43:44 Bracer
44:49 Chemistry
45:01 Light Cavalry
51:53 Hussar
59:57 Banking
60:23 Elite Ghulam
61:11 Scale Mail Armor
63:19 Chain Mail Armor
63:50 Squires
63:36 Arson
[KMNB] Bandeira
6:40 Loom
9:43 Feudal Age
10:17 Double-Bit Axe
13:58 Horse Collar
16:39 Scale Barding Armor
18:41 Wheelbarrow
21:58 Castle Age
22:03 Bloodlines
21:50 Gold Mining
22:43 Husbandry
23:08 Bow Saw
25:57 Hand Cart
35:06 Heavy Plow
38:12 Imperial Age
37:23 Town Watch
38:22 Cavalier
39:22 Cavalier
40:52 Chain Barding Armor
40:56 Conscription
40:42 Paladin
46:06 Light Cavalry
47:41 Crop Rotation
49:28 Two-Man Saw
49:07 Hussar
56:57 Caravan
Fs.Khronos
9:21 Feudal Age
7:44 Loom
10:31 Double-Bit Axe
12:45 Fletching
17:53 Horse Collar
22:28 Castle Age
20:43 Gold Mining
22:25 Padded Archer Armor
23:41 Wheelbarrow
23:26 Bow Saw
23:41 Bodkin Arrow
23:08 Crossbowman
28:44 Ballistics
28:31 Thumb Ring
28:42 Leather Archer Armor
33:04 Gold Shaft Mining
32:29 Heavy Plow
37:47 Imperial Age
36:16 Town Watch
36:47 Hand Cart
38:24 Arbalester
39:06 Bracer
39:37 Ring Archer Armor
40:09 Chemistry
45:25 Conscription
53:04 Caravan
53:35 Coinage
53:42 Fortified Wall
53:43 Masonry
61:35 Architecture
62:09 Two-Man Saw
61:46 Banking
61:27 Guilds
62:03 Scale Mail Armor
62:13 Forging
[KMNB] Galodoido
8:31 Feudal Age
8:08 Loom
14:12 Fletching
20:04 Double-Bit Axe
24:42 Castle Age
23:00 Padded Archer Armor
24:48 Crossbowman
25:29 Bodkin Arrow
28:24 Bow Saw
30:26 Ballistics
30:07 Gold Mining
30:11 Horse Collar
33:52 Heavy Plow
33:43 Stone Mining
35:01 Leather Archer Armor
36:45 Wheelbarrow
37:41 Hand Cart
38:16 Gold Shaft Mining
42:58 Imperial Age
40:39 Treadmill Crane
41:10 Masonry
41:43 Thumb Ring
43:02 Arbalester
43:43 Bracer
44:13 Ring Archer Armor
44:45 Chemistry
44:06 Conscription
44:08 Scale Barding Armor
44:13 Forging
45:55 Two-Man Saw
45:30 Bloodlines
45:20 Husbandry
45:32 Town Watch
47:45 Iron Casting
47:30 Chain Barding Armor
47:00 Elite Mameluke
49:51 Blast Furnace
51:25 Plate Barding Armor
52:39 Elite Skirmisher
57:08 Caravan
56:48 Light Cavalry
58:12 Hussar
Connection lost

Rejoining the realm…

Still unreachable

The connection could not be restored.

Session expired

The server has moved on; the page needs a fresh start.